[Event "Live Chess"]
[Site "Chess.com"]
[Date "2023.05.21"]
[Round "-"]
[White "Greenbecker"]
[Black "EdenHazard8"]
[Result "0-1"]
[WhiteElo "1646"]
[BlackElo "1958"]
[TimeControl "300"]
[EndTime "3:20:49 PDT"]
[Termination "EdenHazard8 won by resignation"]

1. e4 c6 2. d4 d5 3. exd5 cxd5 4. Bd3 Nc6 5. c3 Qc7 6. h3 e6 7.
Nf3 Bd6 8. O-O Nge7 9. Bg5 f6 10. Bh4 g5 11. Bxg5 fxg5 12. Nxg5 Rg8 13. Qh5+ Ng6 14.
Qxh7 Qxh7 15. Nxh7 Kf7 16. Ng5+ Kf6 17. Nf3 Nf4 18. Bb5 Rxg2+ 19. Kh1 Rg7 20. Nbd2 Nxh3 21. Bxc6 bxc6 22. c4 Ba6 23. b3 Rh8 24. Nh2 Ng5 0-1

[Event "Live Chess"]
[Site "Chess.com"]
[Date "2023.05.21"]
[Round "-"]
[White "TheSmoulderingMaster"]
[Black "Tiltador"]
[Result "1-0"]
[WhiteElo "1697"]
[BlackElo "845"]
[TimeControl "300"]
[EndTime "3:20:54 PDT"]
[Termination "TheSmoulderingMaster won by resignation"]

1. e4 d5 2. exd5 Qxd5 3. Nc3 Qe6+ 4. Be2 Nc6 5. Nf3 Bd7 6. O-O O-O-O 7. d4 Nb4 8. a3 Na6 9. Ng5 Qf5 10. Bxa6 bxa6 11.
Qe2 Bb5 12. Nxb5 Qxb5 13. Qxb5 axb5 14. Nxf7 Rxd4 15. Nxh8 Nf6 16. Nf7 Rc4 17. c3 e6 18.
Bg5 Bd6 19. Nxd6+ cxd6 20. Bxf6 gxf6 21. Rfe1 e5 22. g3 h5 23. Rad1 Kd7 24. Rd5 a6 25. Red1 Re4 26. Rxd6+ Ke7 27. Rxa6 Re2 28. Rdd6 Rxb2 29.
Rdb6 Rb1+ 30. Kg2 Kf7 31. Ra7+ Kg6 32. Raa6 Kf5 33. Rxf6+ Ke4 34. Rae6 Kd3 35. Rxe5 Kxc3 36. Rb6 b4 37. axb4 Rxb4 38. Re3+ Kc4 39. Re4+ Kc5 40. Rexb4 1-0

[Event "Live Chess"]
[Site "Chess.com"]
[Date "2023.05.21"]
[Round "-"]
[White "Pandreq"]
[Black "Abde2012"]
[Result "1-0"]
[WhiteElo "1230"]
[BlackElo "744"]
[TimeControl "300"]
[EndTime "3:21:06 PDT"]
[Termination "Pandreq won by resignation"]

1. d4 c6 2. c4 d5 3. cxd5 cxd5 4. Nc3 Nf6 5. Bf4 Bf5 6. e3 Nbd7 7. Nf3 e6 8. Bb5 Qa5 9. O-O a6 10. Ba4 b5 11. Bb3 Bb4 12. Rc1 Rc8 13. Ne2 Rxc1 14. Qxc1 Ne4 15. Qc8+ Qd8 16. Qxd8+ Kxd8 17. Rc1 Nd6 18.
Ne5 Nxe5 19. Bxe5 Bd2 20. Rc6 Nc8 21. Ng3 Be4 22. Nxe4 dxe4 23. Bxg7 Rg8 24. Bf6+ Kd7 25. Rc5 Rg6 26. Be5 Rg5 27. Rc7+ Kd8 28. Rxf7 Bc1 29.
Bxe6 Rg8 30. Rxh7 Re8 31. Bf6+ Ne7 32. Bf5 Bxb2 33. Bxe4 Rf8 34. Bxe7+ Ke8 35. Bxf8 Kxf8 36.
d5 Kg8 37. Ra7 Kf8 38. d6 1-0

[Event "Live Chess"]
[Site "Chess.com"]
[Date "2023.05.21"]
[Round "-"]
[White "LiamClery2020"]
[Black "Crowded_House"]
[Result "1/2-1/2"]
[WhiteElo "1994"]
[BlackElo "1641"]
[TimeControl "300"]
[EndTime "3:21:22 PDT"]
[Termination "Game drawn by repetition"]

1. e4 e6 2. d4 d5 3. Nd2 c5 4. c3 cxd4 5. cxd4 dxe4 6. Nxe4 Nf6 7. Nxf6+ Qxf6 8. Nf3 Bb4+ 9. Bd2 Bxd2+ 10. Qxd2 O-O 11.
Bd3 Nc6 12. Be4 Bd7 13. O-O Rfd8 14. Rac1 Be8 15. Qe3 Nxd4 16. Nxd4 Qxd4 17. Bxb7 Qxe3 18. fxe3 Rab8 19. Rc7 Rd7 20. Rfc1 Rxb7 21. Rc8 Kf8 22. Ra8 Rxb2 23. h3 Rxa2 24. Rcc8 Re7 25. Rc6 a5 26. Kh2 a4 27. Rca6 a3 28. Rxa3 Rxa3 29. Rxa3 f6 30. Kg3 Kf7 31. Kf3 g6 32. g4 e5 33.
Kg3 h6 34. Ra6 Re6 35. Ra5 f5 36. gxf5 gxf5 37. Ra7+ Kg6 38. Ra5 e4 39. Kf4 Rf6 40. Ra8 Bb5 41. Ke5 Bf1 42. h4 Bh3 43. Rg8+ Kf7 44.
Rh8 Rg6 45. Rh7+ Kg8 46. Rb7 Rg7 47. Rb8+ Kh7 48. Rb6 Re7+ 49. Kf4 Rg7 50. Rb8 Rg4+ 51. Ke5 Rxh4 52. Kf6 f4 53. Rb7+ Kg8 54. Rb8+ Kh7 55. Rb7+ Kg8 56. Rb8+ Kh7 1/2-1/2

[Event "Live Chess"]
[Site "Chess.com"]
[Date "2023.05.21"]
[Round "-"]
[White "diana21strabt"]
[Black "LiamBellwood"]
[Result "1-0"]
[WhiteElo "1734"]
[BlackElo "1933"]
[TimeControl "300"]
[EndTime "3:21:29 PDT"]
[Termination "diana21strabt won by resignation"]

1. e4 e6 2. d4 d5 3. Nc3 Nf6 4.
Bg5 h6 5. Bxf6 Qxf6 6. e5 Qd8 7. Bd3 c5 8. dxc5 Nc6 9. f4 Bxc5 10. Nf3 Qb6 11. Na4 Qa5+ 12. c3 Be7 13. b4 Qc7 14.
O-O O-O 15. Bc2 b5 16. Qd3 g6 17. Nc5 a6 18. a4 Qb6 19. a5 Bxc5+ 20. Kh1 Qa7 21.
bxc5 Qxc5 22. Nh4 Qc4 23. Qg3 Qe2 24. Rf2 Qh5 25. Bd1 1-0

[Event "Live Chess"]
[Site "Chess.com"]
[Date "2023.05.21"]
[Round "-"]
[White "manthanit"]
[Black "NAZRIZ1977"]
[Result "0-1"]
[WhiteElo "1081"]
[BlackElo "1970"]
[TimeControl "300"]
[EndTime "3:21:34 PDT"]
[Termination "NAZRIZ1977 won by checkmate"]

1. e4 c5 2. g3 Nc6 3. Bg2 g6 4. Na3 Bg7 5. c3 d6 6. d4 cxd4 7. cxd4 Nxd4 8. Ne2 Bg4 9. O-O Nxe2+ 10. Qxe2 Bxe2 11. Re1 Bg4 12. Nc4 Nf6 13. Nd2 O-O 14. h3 Bd7 15. e5 dxe5 16. Rxe5 Rb8 17. Re1 e6 18. Nf3 Bc6 19. Bf4 Nh5 20. Bxb8 Qxb8 21.
Kh2 Nxg3 22. fxg3 h5 23. Ng5 Bxg2 24. Kxg2 Rd8 25. Rad1 Rxd1 26. Rxd1 Qc8 27. Rd2 b5 28. b3 a5 29. Ne4 Qc6 30. Kf3 f5 31. Ke3 Qxe4+ 32.
Kf2 Bd4+ 33. Kf1 Qe3 34. Re2 Qg1# 0-1

[Event "Live Chess"]
[Site "Chess.com"]
[Date "2023.05.21"]
[Round "-"]
[White "matt1979"]
[Black "ChessTWSS"]
[Result "1-0"]
[WhiteElo "1549"]
[BlackElo "1613"]
[TimeControl "300"]
[EndTime "3:21:43 PDT"]
[Termination "matt1979 won on time"]

1. f4 d5 2. e3 Bf5 3. Nf3 Nf6 4. b3 e6 5. Bb2 Be7 6. d3 c5 7.
Ne5 Nbd7 8. Be2 h6 9. O-O Nxe5 10. Bxe5 b5 11. Bf3 c4 12. dxc4 bxc4 13. bxc4 Bc5 14.
Qe1 O-O 15. Nc3 Qe7 16. cxd5 exd5 17. Nxd5 Nxd5 18. Bxd5 Rad8 19. Qg3 Bxe3+ 20. Kh1 g6 21. Rad1 Bc5 22. Rfe1 Bb4 23. c3 Bd6 24. Bg7 Qxe1+ 25. Rxe1 Kxg7 26. Qf3 Bxf4 27. Bxf7 Bd2 28. Re7 Bg5 29.
Rxa7 Rxf7 30. Rxf7+ Kxf7 31. g4 Rd3 32. Qf1 Rxc3 33.
Kg2 Rc2+ 34. Kg3 Rc1 35. Qf3 Rg1+ 36. Kf2 Rxg4 37. Qb7+ Kf6 38. Qc6+ Be6 39. Qc3+ Kf7 40. Qc7+ Kf6 41. Qc3+ Kf7 42. Qf3+ Rf4 43. Qxf4+ Ke7 44. Qb4+ 1-0

[Event "Live Chess"]
[Site "Chess.com"]
[Date "2023.05.21"]
[Round "-"]
[White "lateforthesky"]
[Black "peter-785"]
[Result "1-0"]
[WhiteElo "2106"]
[BlackElo "1183"]
[TimeControl "300"]
[EndTime "3:21:53 PDT"]
[Termination "lateforthesky won by resignation"]

1. e4 c5 2. d4 d6 3. dxc5 e6 4.
cxd6 Bxd6 5. Nc3 a6 6. Nf3 Nf6 7. Bd3 O-O 8. e5 Ng4 9. exd6 Qb6 10. O-O Qxd6 11. Bxh7+ 1-0

[Event "Live Chess"]
[Site "Chess.com"]
[Date "2023.05.21"]
[Round "-"]
[White "AttackingSnowLeopard"]
[Black "LL220284LL"]
[Result "1/2-1/2"]
[WhiteElo "2200"]
[BlackElo "2319"]
[TimeControl "300"]
[EndTime "3:22:05 PDT"]
[Termination "Game drawn - insufficient material"]

1. d4 Nf6 2. c4 e6 3. Nf3 d5 4.
Nc3 Be7 5. Bg5 O-O 6. e3 h6 7. Bh4 Nbd7 8. Rc1 c6 9. Be2 dxc4 10. Bxc4 b6 11. O-O Bb7 12. e4 c5 13. e5 Ne4 14. Bxe7 Qxe7 15. d5 Nxc3 16. Rxc3 exd5 17. Bxd5 Bxd5 18. Qxd5 Rad8 19. Re1 Rfe8 20. Rce3 Nf8 21. Qc4 Ne6 22. Re4 Rd7 23. h3 Red8 24. Nh4 Rd1 25.
Nf5 Qg5 26. Nd6 Rxe1+ 27. Rxe1 Rd7 28. g3 Nd4 29. Qd5 Re7 30. Qa8+ Kh7 31. Qe4+ Qg6 32.
Qd5 Qe6 33. Qe4+ Qg6 34. Qd5 Re6 35. Kh2 Qc2 36. Qe4+ Qxe4 37. Rxe4 Rxe5 38. Rxe5 Nf3+ 39. Kg2 Nxe5 40. Nc8 Nc6 41. Kf3 f5 42. Kf4 Kg6 43. Nd6 Ne7 44. Ke5 Nc6+ 45. Ke6 Nd4+ 46. Kd5 Kf6 47. Nc8 Nf3 48. Nxa7 Ng1 49. Nc8 Nxh3 50. Nxb6 Nxf2 51. a4 Ke7 52. a5 Kd8 53. Kc6 Nd3 54. a6 Nb4+ 55. Kb7 Nxa6 56. Kxa6 g5 57. Nd5 h5 58. Ne3 f4 59. gxf4 gxf4 60. Nf1 Kc7 61. Kb5 Kd6 62. Kc4 Kc6 63. Kd3 Kd5 64. b3 h4 65. Nh2 h3 66. Nf3 Kc6 67. Kc4 Kb6 68.
b4 cxb4 69. Kxb4 Kc6 70. Kc4 Kd6 71. Kd4 Ke6 72. Ke4 h2 73. Nxh2 f3 74. Nxf3 1/2-1/2

[Event "Live Chess"]
[Site "Chess.com"]
[Date "2023.05.21"]
[Round "-"]
[White "Berdgross"]
[Black "MMmaaxxxx"]
[Result "1/2-1/2"]
[WhiteElo "670"]
[BlackElo "2020"]
[TimeControl "300"]
[EndTime "3:22:07 PDT"]
[Termination "Game drawn by repetition"]

1. e4 c6 2. d4 d5 3. exd5 cxd5 4.
Nc3 Nc6 5. Bb5 Nf6 6. Nf3 Bg4 7. h3 Bxf3 8. Qxf3 e6 9. Bxc6+ bxc6 10. O-O Be7 11.
Bg5 h6 12. Bxf6 Bxf6 13. Rfe1 O-O 14. Na4 Bxd4 15. Qg4 Bf6 16. Nc5 Qb6 17. Nd7 Qxb2 18. Nxf6+ Qxf6 19. Qg3 c5 20. c3 Rab8 21. Reb1 Qf5 22. Rxb8 e5 23. Rxf8+ Kxf8 24. Rd1 d4 25. cxd4 cxd4 26. Rc1 f6 27. a4 Qd7 28. Qa3+ Kf7 29. Qb3+ Kg6 30. Qd3+ Kf7 31. Qb3+ Kg6 32. Qd3+ Kf7 33.
Qb3+ 1/2-1/2

[Event "Live Chess"]
[Site "Chess.com"]
[Date "2023.05.21"]
[Round "-"]
[White "WilliamofOrange16th"]
[Black "FMOlexandrProhorov"]
[Result "0-1"]
[WhiteElo "1873"]
[BlackElo "2185"]
[TimeControl "300"]
[EndTime "3:22:10 PDT"]
[Termination "FMOlexandrProhorov won by resignation"]

1. e4 c5 2. Nc3 Nc6 3. f4 g6 4. Nf3 Bg7 5. Bc4 d6 6. d3 a6 7.
a4 e6 8. O-O Nge7 9. f5 Nd4 10.
Nxd4 Bxd4+ 11. Kh1 gxf5 12. Bg5 Qc7 13. Qe2 Rg8 14.
Bh4 Bxc3 15. bxc3 fxe4 16. dxe4 Bd7 17. Qh5 Ng6 18. Qxh7 Rf8 19. Bf6 Bc6 20. Bd3 c4 21. Be2 Bxe4 22. Qh3 Kd7 23. Bf3 Bf5 24. Qh6 d5 25. h3 Rh8 26. Bxh8 Rxh8 27. Qe3 Qg3 28. Qf2 Qg5 29. Rab1 Bxh3 30. Rxb7+ Kd6 31. Qb6+ Ke5 32. Qd4+ Kd6 33. Qb6+ Ke5 34. Re1+ Kf6 35. Qd4+ e5 36. Qb6+ Kg7 37. Kg1 Be6 38. Qxe6 Rf8 39. Qxd5 Kg8 40. Qxc4 Nf4 41. Kf2 Qh4+ 42. g3 Nh3+ 43. Ke3 Qxc4 0-1

[Event "Live Chess"]
[Site "Chess.com"]
[Date "2023.05.21"]
[Round "-"]
[White "RockTroll"]
[Black "JohanKjeldahl"]
[Result "1-0"]
[WhiteElo "2229"]
[BlackElo "1892"]
[TimeControl "300"]
[EndTime "3:22:13 PDT"]
[Termination "RockTroll won by resignation"]

1. Nf3 Nf6 2. g3 d5 3. Bg2 c6 4. O-O g6 5. b3 Bg7 6. Bb2 O-O 7.
c4 Bg4 8. d3 Nbd7 9. Nbd2 Rc8 10. h3 Bxf3 11. Nxf3 e5 12. Nxe5 Nxe5 13. Bxe5 Re8 14.
Bb2 dxc4 15. bxc4 Qb6 16. Rb1 Qa5 17. a3 Re7 18. Qc2 Rce8 19. Bc3 Qxa3 20. Bb4 Qa6 21.
Bxe7 Rxe7 22. Ra1 Qb6 23. Rfb1 Qc5 24. e3 Nh5 25. d4 Qd6 26. Rxa7 Nxg3 27. fxg3 Qxg3 28.
Qf2 Qxe3 29. Qxe3 Rxe3 30. Ra8+ 1-0

[Event "Live Chess"]
[Site "Chess.com"]
[Date "2023.05.21"]
[Round "-"]
[White "ranvir123"]
[Black "JoshMcK"]
[Result "0-1"]
[WhiteElo "960"]
[BlackElo "1521"]
[TimeControl "300"]
[EndTime "3:22:17 PDT"]
[Termination "JoshMcK won by resignation"]

1. e4 c6 2. d4 d5 3. e5 c5 4.
Nf3 Bg4 5. Bb5+ Nd7 6. h3 Bxf3 7.
Qxf3 e6 8. dxc5 a6 9. Bxd7+ Qxd7 10. Nc3 Ne7 11. Be3 Ng6 12. O-O-O Nxe5 13. Qf4 Ng6 14. Qg3 Be7 15. Bg5 O-O 16. Bxe7 Qxe7 17.
Rhe1 Qxc5 18. Kb1 b5 19. a3 a5 20. b4 axb4 21. axb4 Qxb4+ 22. Kc1 Ra1+ 23. Kd2 Rxd1+ 24. Rxd1 d4 25. Rb1 dxc3+ 26. Kc1 Qf4+ 27. Qxf4 Nxf4 0-1

[Event "Live Chess"]
[Site "Chess.com"]
[Date "2023.05.21"]
[Round "-"]
[White "Trendle"]
[Black "DfNn"]
[Result "1-0"]
[WhiteElo "2658"]
[BlackElo "1547"]
[TimeControl "300"]
[EndTime "3:22:21 PDT"]
[Termination "Trendle won by resignation"]

1. e4 e5 2. Nf3 Nc6 3. Bb5 Bc5 4.
O-O Nf6 5. c3 O-O 6. d4 exd4 7.
cxd4 Bb6 8. Nc3 d5 9. Bg5 h6 10.
Bxf6 Qxf6 11. Nxd5 Qd8 12. Bxc6 bxc6 13. Ne3 c5 14. d5 c6 15. dxc6 Qxd1 16. Rfxd1 Be6 17. Nd5 Rac8 18. Ne7+ Kh7 19. Nxc8 Rxc8 20. a4 Rxc6 21. Ne5 Rc7 22. a5 1-0

[Event "Live Chess"]
[Site "Chess.com"]
[Date "2023.05.21"]
[Round "-"]
[White "gmnorfolk"]
[Black "nigelst"]
[Result "1-0"]
[WhiteElo "2124"]
[BlackElo "1711"]
[TimeControl "300"]
[EndTime "3:22:22 PDT"]
[Termination "gmnorfolk won by checkmate"]

1. d4 Nf6 2. c4 e6 3. Nc3 Bb4 4. f3 Bxc3+ 5. bxc3 d6 6. e4 Nbd7 7. Nh3 e5 8. Nf2 O-O 9. Bd3 c6 10. O-O c5 11. Be3 b6 12. Qd2 h6 13. Rae1 Ba6 14. d5 Rb8 15. a4 Nh5 16. g4 Nhf6 17. Kh1 Re8 18. Rg1 Nf8 19. g5 hxg5 20. Bxg5 N8h7 21. Bh6 g6 22. Rg2 Qd7 23. Reg1 Nh5 24. Ng4 Qe7 25. Be3 Bc8 26. Nh6+ Kh8 27. Ng4 Bxg4 28. fxg4 N5f6 29. Rf1 Nd7 30. g5 Ndf8 31.
Rgf2 Kg7 32. Rf6 Rb7 33. Qf2 Qd7 34. Qh4 Re7 35. Be2 a6 36. Bd1 b5 37. axb5 axb5 38.
Bg4 Qe8 39. Qh6+ Kg8 40. h4 bxc4 41. h5 Rec7 42. hxg6 Nxg6 43. Be6 Re7 44. Rxg6+ Kh8 45. Qg7# 1-0

[Event "Live Chess"]
[Site "Chess.com"]
[Date "2023.05.21"]
[Round "-"]
[White "JamesWallman"]
[Black "OleksiyJr1"]
[Result "1-0"]
[WhiteElo "853"]
[BlackElo "962"]
[TimeControl "300"]
[EndTime "3:22:26 PDT"]
[Termination "JamesWallman won by checkmate"]

1. e4 c5 2. c3 Nc6 3. d4 cxd4 4. cxd4 d6 5. Nf3 e5 6. d5 Nce7 7. Be2 Nf6 8. Nc3 Qa5 9. Bd2 b6 10. O-O Bb7 11. Rc1 Ba6 12. Bxa6 Qxa6 13. Qb3 Ng6 14. Nb5 Qb7 15. Nc7+ Kd7 16. Nxa8 Ne8 17. Rc2 Qxa8 18. Rfc1 Nf6 19. Qb5+ Ke7 20. Rc7+ Kd8 21. Qa6 Be7 22. Rc8+ Qxc8 23. Rxc8+ Kd7 24. Qb7# 1-0

[Event "Live Chess"]
[Site "Chess.com"]
[Date "2023.05.21"]
[Round "-"]
[White "Tiltador"]
[Black "Abde2012"]
[Result "1-0"]
[WhiteElo "865"]
[BlackElo "738"]
[TimeControl "300"]
[EndTime "3:22:30 PDT"]
[Termination "Tiltador won by resignation"]

1. e4 c6 2. Nf3 d5 3. exd5 cxd5 4. Be2 Bg4 5. O-O Nf6 6. Nd4 e6 7. Bxg4 Nxg4 8. Qxg4 Nd7 9. c3 Ne5 10. Qe2 Qg5 11.
d3 Qg6 12. Qxe5 1-0

[Event "Live Chess"]
[Site "Chess.com"]
[Date "2023.05.21"]
[Round "-"]
[White "LiamBellwood"]
[Black "Crowded_House"]
[Result "1-0"]
[WhiteElo "1936"]
[BlackElo "1638"]
[TimeControl "300"]
[EndTime "3:22:34 PDT"]
[Termination "LiamBellwood won by resignation"]

1. d4 e6 2. Nc3 d5 3. Bf4 Bd6 4. Bxd6 Qxd6 5. e4 dxe4 6. Nxe4 Qb4+ 7. c3 Qxb2 8. Bd3 Qxc3+ 9. Nxc3 Bd7 10. Nf3 Nf6 11. O-O O-O 12. Ne5 Nc6 13. Nxd7 Nxd7 1-0

[Event "Live Chess"]
[Site "Chess.com"]
[Date "2023.05.21"]
[Round "-"]
[White "chessfiction"]
[Black "ItsNot_Jasper"]
[Result "1-0"]
[WhiteElo "2319"]
[BlackElo "1373"]
[TimeControl "300"]
[EndTime "3:22:49 PDT"]
[Termination "chessfiction won by resignation"]

1. e4 c6 2. d4 d5 3. Nc3 dxe4 4. f3 Bf5 5. fxe4 Bg6 6. Nf3 Nf6 7. Bc4 b5 8. Bb3 a5 9. a4 b4 10.
e5 bxc3 11. exf6 cxb2 12. Bxb2 exf6 13. O-O Be7 14. Re1 O-O 15. Qe2 Re8 16. h4 Nd7 17. Qf2 Bb4 18. c3 Rxe1+ 19. Rxe1 Bd6 20. Bc1 Qc7 21. Qa2 Rd8 22. Re2 c5 23. Ba3 cxd4 24.
Nxd4 Bxa3 25. Qxa3 Kh8 26. Qe7 Rg8 27. Bxf7 Bxf7 28.
Qxf7 Qxc3 29. Qxd7 Qc1+ 30. Kh2 Qf4+ 31. g3 Qf1 32.
Qg4 Qa1 33. h5 Qxa4 34. h6 g6 35. Qf4 Rf8 36. Qc7 Rg8 37. Qd6 1-0

[Event "Live Chess"]
[Site "Chess.com"]
[Date "2023.05.21"]
[Round "-"]
[White "CheckThis4"]
[Black "chessleanstrategist"]
[Result "1-0"]
[WhiteElo "2496"]
[BlackElo "430"]
[TimeControl "300"]
[EndTime "3:23:03 PDT"]
[Termination "CheckThis4 won by resignation"]

1. d4 Nf6 2. Nc3 g6 3. e4 d6 4. Be3 Bg7 5. Qd2 c5 6. dxc5 dxc5 7.
Qxd8+ Kxd8 8. O-O-O+ Nbd7 9. Bxc5 b6 10. Bd4 e5 11.
Bxe5 Ke7 12. Bd6+ Ke8 13. Bb5 a6 14. Bc6 Ra7 15. Nh3 Bb7 16. Bxb7 Rxb7 17. Rhe1 Bf8 18.
e5 Bxd6 19. exf6+ Be5 20. f4 Kd8 21. fxe5 Re8 22. Ng5 Kc8 23. Nxf7 Nxe5 24. Nd6+ 1-0

[Event "Live Chess"]
[Site "Chess.com"]
[Date "2023.05.21"]
[Round "-"]
[White "KeithArkell"]
[Black "RedRook90"]
[Result "1-0"]
[WhiteElo "2496"]
[BlackElo "1949"]
[TimeControl "300"]
[EndTime "3:23:10 PDT"]
[Termination "KeithArkell won by resignation"]

1. d4 d5 2. Nf3 Nf6 3. c4 e6 4. cxd5 exd5 5. Nc3 Bd6 6. Bg5 c6 7. Qc2 O-O 8. e3 h6 9. Bh4 Be6 10. Bd3 Nbd7 11. Bh7+ Kh8 12. Bf5 Bxf5 13. Qxf5 Qe7 14.
O-O Rae8 15. Rab1 Qe6 16. Qxe6 Rxe6 17. b4 a6 18. a4 Ne4 19. Nxe4 Rxe4 20. Bg3 Bxg3 21.
hxg3 Nb6 22. Nd2 Re7 23. b5 Nxa4 24. bxc6 bxc6 25. Ra1 Nc3 26. Rxa6 Rc7 27. Nb3 Rb8 28.
Nc5 Rb2 29. Rfa1 f5 30. Nd3 Ne4 31. R6a2 Rxa2 32. Rxa2 c5 33. dxc5 Nxc5 34. Nf4 Ne4 35.
Nxd5 Rc1+ 36. Kh2 Rf1 37. f3 Ng5 38. Ra4 Rf2 39. Kg1 Rd2 40. Ne7 Rd1+ 41. Kh2 Rd2 42. Rf4 Rd3 43. Nxf5 g6 44. Nxh6 Rxe3 45. Nf7+ Kg7 46.
Nxg5 1-0

[Event "Live Chess"]
[Site "Chess.com"]
[Date "2023.05.21"]
[Round "-"]
[White "RichardABates"]
[Black "domrobson"]
[Result "1-0"]
[WhiteElo "2154"]
[BlackElo "1699"]
[TimeControl "300"]
[EndTime "3:23:21 PDT"]
[Termination "RichardABates won by resignation"]

1. e4 e5 2. Nf3 Nc6 3. Bc4 Nf6 4. Ng5 d5 5. exd5 Na5 6. Bb5+ Bd7 7. Qe2 Bd6 8.
Bxd7+ Qxd7 9. b4 Bxb4 10. Qxe5+ Qe7 11. Qxe7+ Bxe7 12. O-O Nxd5 13. d3 O-O 14. Re1 Bf6 15. c3 Nxc3 16. Bb2 Bxg5 17. Nxc3 Nc6 18. Nd5 Rad8 19.
Nxc7 Rxd3 20. Rad1 Rxd1 21. Rxd1 Rd8 22. Re1 a6 23. g3 h6 24. Ne8 Be7 25. Nxg7 Bb4 26. Re4 Rd2 27. Bf6 Rxa2 28. Nf5 Bc5 29. Nxh6+ Kh7 30.
Ng4 Kg6 31. Rf4 Bd6 32. Rf3 b5 33. h4 Ra3 34. Bc3 b4 35. Rf6+ Kh5 36. Bb2 Rd3 37. f3 Rxf3 38. Rxf3 Kxg4 39. Kg2 f5 40. h5 Ne5 41.
Rf4+ Kg5 42. h6 Nd3 43. h7 Bxf4 44. h8=Q Nxb2 45. gxf4+ Kxf4 46. Qxb2 1-0

[Event "Live Chess"]
[Site "Chess.com"]
[Date "2023.05.21"]
[Round "-"]
[White "NicuMarBo"]
[Black "JanMur7"]
[Result "0-1"]
[WhiteElo "1038"]
[BlackElo "1955"]
[TimeControl "300"]
[EndTime "3:23:27 PDT"]
[Termination "JanMur7 won by resignation"]

1. d4 Nf6 2. Nf3 e6 3. a3 Be7 4. c4 O-O 5. Nc3 d5 6. e4 dxe4 7. Ne5 Nbd7 8. Be2 Nxe5 9. dxe5 Qxd1+ 10. Bxd1 Nd7 11. Bf4 Nc5 12. Bc2 Nd3+ 13. Bxd3 exd3 14.
O-O b6 15. Rad1 Ba6 16. b3 Rad8 17. Rfe1 Bxa3 18. Re3 Bb4 19. Rexd3 Rxd3 20. Rxd3 Bxc3 21. Rxc3 Rd8 22. h3 h6 23. g4 Bb7 24. Kh2 Rd1 25. Kg3 g5 26. Rc1 gxf4+ 27. Kxf4 Rxc1 0-1

[Event "Live Chess"]
[Site "Chess.com"]
[Date "2023.05.21"]
[Round "-"]
[White "WelshTiger"]
[Black "Keithdfg"]
[Result "0-1"]
[WhiteElo "2332"]
[BlackElo "1770"]
[TimeControl "300"]
[EndTime "3:23:29 PDT"]
[Termination "Keithdfg won by checkmate"]

1. e4 d6 2. d4 Nf6 3. Nc3 Nbd7 4.
Nf3 e5 5. g4 Nxg4 6. Rg1 Ngf6 7. Bc4 h6 8. Be3 c6 9. dxe5 dxe5 10. Qd3 b5 11. Bb3 a5 12. a4 b4 13. Ne2 Qc7 14.
Qc4 Nc5 15. Bxc5 Be6 16. Qd3 Bxc5 17. Rxg7 Kf8 18. Rg1 Rd8 19. Qa6 Nxe4 20. Rg2 Bxb3 21. cxb3 Qd6 22. Qc4 Nd2 23. Rg8+ Rxg8 24. Nxd2 Qxd2+ 25. Kf1 Qd1+ 26. Rxd1 Rxd1# 0-1

[Event "Live Chess"]
[Site "Chess.com"]
[Date "2023.05.21"]
[Round "-"]
[White "Ian-Morley"]
[Black "Brooms1989"]
[Result "0-1"]
[WhiteElo "1051"]
[BlackElo "1131"]
[TimeControl "300"]
[EndTime "3:23:32 PDT"]
[Termination "Brooms1989 won by resignation"]

1. e4 e5 2. Nf3 Nc6 3. Bc4 Nf6 4. Ng5 d5 5. exd5 Na5 6. Bb5+ c6 7. dxc6 bxc6 8. Qf3 h6 9. Ne4 Nxe4 10. Qxe4 a6 11.
Bxc6+ Bd7 12. Bxd7+ Kxd7 13. Qd5+ Bd6 14. Qxf7+ Kc6 15.
b4 Nb7 16. Qc4+ Kd7 17. O-O Rc8 18. Qxa6 Qc7 19. Qa4+ Ke7 20. c3 Rhf8 21. Re1 Qb6 22. d4 Rf5 23. Re2 Rcf8 24. Be3 e4 25. Nd2 Rh5 26. Nxe4 Bxh2+ 27. Kf1 Bd6 28. Nxd6 Kxd6 29. Bf4+ Kd5 30. Qd7+ Kc4 31. Qc7+ Kb5 32. Qxb6+ Kxb6 33. Kg1 Rxf4 34. Re6+ Ka7 35. Rae1 Rfh4 36. Kf1 Rh1+ 37.
Ke2 R1h2 38. Re5 Rxe5+ 39. dxe5 Rxg2 40. e6 Rg6 41. e7 Re6+ 42. Kd1 Rxe1+ 43. Kxe1 Nd6 44.
Ke2 Kb7 45. Ke3 Kc7 46. Kd4 Kd7 47. Kd5 Kxe7 48. a4 h5 49. a5 h4 50. a6 h3 51. a7 h2 52. a8=Q h1=Q+ 53. f3 Qxf3+ 54. Ke5 Qxa8 0-1

[Event "Live Chess"]
[Site "Chess.com"]
[Date "2023.05.21"]
[Round "-"]
[White "EdenHazard8"]
[Black "SmoothBaron"]
[Result "0-1"]
[WhiteElo "1956"]
[BlackElo "2323"]
[TimeControl "300"]
[EndTime "3:23:38 PDT"]
[Termination "SmoothBaron won by resignation"]

1. e4 e5 2. Nf3 Nc6 3. Bb5 a6 4. Ba4 Bc5 5. O-O Qf6 6. d3 Nge7 7. Nc3 O-O 8. Be3 Ba7 9. Bb3 h6 10. Nd5 Nxd5 11. exd5 Ne7 12. c4 d6 13. Bxa7 Rxa7 14. Re1 Bg4 15. h3 Bxf3 16. Qxf3 Qxf3 17. gxf3 Ng6 18.
Kh2 Raa8 19. Rg1 Nf4 20. Bc2 Ne2 21. Rg4 Nd4 22. Bb3 Nxf3+ 23. Kg3 Nd4 24. Rg1 Ne2+ 0-1

[Event "Live Chess"]
[Site "Chess.com"]
[Date "2023.05.21"]
[Round "-"]
[White "CeladonFish"]
[Black "Geomorph"]
[Result "0-1"]
[WhiteElo "1091"]
[BlackElo "1277"]
[TimeControl "300"]
[EndTime "3:23:57 PDT"]
[Termination "Geomorph won by resignation"]

1. d4 d5 2. c4 c6 3. Nc3 Nf6 4.
Bf4 Bf5 5. cxd5 cxd5 6. Nb5 Na6 7. Qa4 Bd7 8. e3 h6 9. Qc2 Rc8 10. Nc7+ Nxc7 11. Bxc7 Rxc7 12. Qb3 e6 13. Bb5 Be7 14. Nf3 O-O 15. Ne5 Bxb5 16. Qxb5 a6 17. Qa4 Bd6 18. O-O Ne4 19. f3 Bxe5 20. dxe5 Ng5 21. f4 Ne4 22. Rfc1 Rxc1+ 23. Rxc1 Qh4 24. Qd1 Qf2+ 25. Kh1 Qxb2 26. Rc2 Nf2+ 27. Kg1 Nxd1 28. Rxb2 Nxb2 0-1

[Event "Live Chess"]
[Site "Chess.com"]
[Date "2023.05.21"]
[Round "-"]
[White "AttackingSnowLeopard"]
[Black "Abde2012"]
[Result "1-0"]
[WhiteElo "2200"]
[BlackElo "738"]
[TimeControl "300"]
[EndTime "3:23:57 PDT"]
[Termination "AttackingSnowLeopard won by checkmate"]

1. Nf3 c6 2. g3 d5 3. Bg2 Bf5 4. O-O e6 5. d3 Bd6 6. Nbd2 Nf6 7. Re1 O-O 8. e4 dxe4 9. dxe4 Bg4 10. e5 Be7 11. exf6 Bxf6 12. Ne4 Bxf3 13. Qxf3 Qa5 14. Nxf6+ gxf6 15. Bh6 Rd8 16. Qg4+ Kh8 17.
Qg7# 1-0

[Event "Live Chess"]
[Site "Chess.com"]
[Date "2023.05.21"]
[Round "-"]
[White "NatashaRegan"]
[Black "bedsdrout"]
[Result "1-0"]
[WhiteElo "1714"]
[BlackElo "577"]
[TimeControl "300"]
[EndTime "3:23:58 PDT"]
[Termination "NatashaRegan won by checkmate"]

1. e4 e5 2. f4 Bb4 3. Nf3 Bc5 4.
fxe5 f6 5. d4 Bb6 6. exf6 Nxf6 7.
Nc3 Nh5 8. Bg5 Nf6 9. e5 Qe7 10. Be2 Bxd4 11. Qxd4 c5 12. Qh4 Nc6 13. exf6 Qe6 14.
fxg7 Rg8 15. Qxh7 Ne7 16. Bxe7 Kxe7 17. O-O Qf7 18. Qh4+ Ke8 19. Bc4 Qxg7 20. Rae1+ Kf8 21. Ng5+ Qf7 22. Rxf7# 1-0

[Event "Live Chess"]
[Site "Chess.com"]
[Date "2023.05.21"]
[Round "-"]
[White "SupremeTactician"]
[Black "raminguy"]
[Result "1-0"]
[WhiteElo "2216"]
[BlackElo "1953"]
[TimeControl "300"]
[EndTime "3:23:58 PDT"]
[Termination "SupremeTactician won by checkmate"]

1. e4 e5 2. Nf3 Nc6 3. Nc3 Nf6 4. Bb5 Nd4 5. Bc4 Nxf3+ 6. Qxf3 Bb4 7. d3 O-O 8. Bg5 Be7 9. O-O h6 10. Bxf6 Bxf6 11.
Nd5 Bg5 12. g3 c6 13. Ne3 d6 14. Qg2 Qb6 15. Rae1 Qxb2 16. f4 exf4 17. gxf4 Bh4 18. Re2 a5 19. Kh1 b5 20. Rg1 Bf6 21. Nd1 Qd4 22. c3 Qb6 23. e5 dxe5 24. fxe5 Bg5 25. Bb3 a4 26. Bc2 c5 27. d4 cxd4 28. h4 Bb7 29.
Be4 Bxe4 30. Rxe4 Bc1 31. Qxg7# 1-0